 Dungeon Crawl Stone Soup version 0.19-a0-854-gc78d25d (webtiles) character file.

22 Implojin the Chopper (level 2, -2/26 HPs)
             Began as a Minotaur Fighter on July 2, 2016.
             Slain by a gnoll
             ... wielding a +0 spear
              (4 damage)
             ... on level 3 of the Dungeon.
             The game lasted 00:00:40 (104 turns).

Implojin the Chopper (Minotaur Fighter)              Turns: 104, Time: 00:00:41

Health: -2/26      AC:  6    Str: 20    XL:     2   Next: 68%
Magic:  1/1        EV:  7    Int:  5    God:
Gold:   0          SH:  9    Dex:  9    Spells: 0 memorised, 1 level left

rFire  . . .     SeeInvis .     a - +0 war axe
rCold  . . .     Gourm    .     b - +0 scale mail
rNeg   . . .     Faith    .     c - +0 shield
rPois  .         Spirit   .     (helmet restricted)
rElec  .         Dismiss  .     (no cloak)
rCorr  .         Reflect  .     (no gloves)
SustAt .         Harm     .     (no boots)
MR     .....                    (no amulet)
Stlth  ..........               (no ring)
                                (no ring)

@: not resistant to hostile enchantments, extremely unstealthy
A: retaliatory headbutt, horns 2
a: no special abilities


You were on level 3 of the Dungeon.
You were not hungry.

You visited 1 branch of the dungeon, and saw 3 of its levels.

Inventory:

Hand Weapons
 a - a +0 war axe (weapon)
Armour
 b - a +0 scale mail (worn)
 c - a +0 shield (worn)
Potions
 d - a potion of might
 e - a potion of invisibility {unknown}
 g - a potion of brilliance {unknown}
Comestibles
 f - a bread ration
 h - 3 chunks of flesh


   Skills:
 - Level 3.6 Fighting
 * Level 4.0 Axes
 - Level 3.6 Armour
 - Level 3.6 Shields


You had one spell level left.
You didn't know any spells.

Dungeon Overview and Level Annotations

Branches:
Dungeon (3/15)

Altars:


Innate Abilities, Weirdness & Mutations

You reflexively headbutt those who attack you in melee.
You have a pair of horns on your head.


Message History

You slash the gnoll! You headbutt the gnoll.
You kill the gnoll!
Things that are here:
a flail; a gnoll corpse You hit the dart slug.
You headbutt the dart slug, but do no damage.
The dart slug is lightly wounded.
You block the gnoll's attack.
The dart slug bites you but does no damage.
The gnoll barely misses you.
You slash the dart slug!
You kill the dart slug!
Your Axes skill increases to level 4!
The gnoll hits you from afar with a spear.
Unknown command.
The gnoll hits you but does no damage. You block the gnoll's attack.
You hit the gnoll. Your headbutt misses the gnoll.
The gnoll is severely wounded.
You block the gnoll's attack.
The gnoll hits you from afar with a spear.
The gnoll hits you but does no damage.
You completely miss the gnoll.
The gnoll is severely wounded.
The gnoll closely misses you. You block the gnoll's attack.
The gnoll closely misses you.
You hit the gnoll.
The gnoll is almost dead.
The gnoll hits you but does no damage.
The gnoll hits you from afar with a spear!
* * * LOW HITPOINT WARNING * * *
Unknown command.
You hit the gnoll but do no damage.
The gnoll is almost dead.
The gnoll hits you but does no damage.
The gnoll hits you from afar with a spear!
* * * LOW HITPOINT WARNING * * *
The gnoll hits you but does no damage. You block the gnoll's attack.
Unknown command.
The gnoll hits you from afar with a spear.
You die...

### ####### #..
.......
#######.####..$....
...........'gg...>.
######.#g##.......
#.#g# .w..... #.#.#
....... #.#@#
....... #.#.#
....$.. #.#.#
....... #.#..
.......
######'###########
#..............)<#
#........#########
#...........#
#.#####.....#


You could see 2 gnolls.

Vanquished Creatures
  A gnoll (D:3)
  A worm (D:3)
  A dart slug (D:3)
  A bat (D:1)
  A giant cockroach (D:1)
  A hobgoblin (D:3)
  A kobold (D:3)
  2 rats (D:3)
9 creatures vanquished.

Notes
Turn   | Place    | Note
-------+----------+-------------------------------------------
     0 | D:1      | Implojin the Minotaur Fighter began the quest for the Orb.
     0 | D:1      | Reached XP level 1. HP: 19/19 MP: 0/0
    51 | D:3      | Reached skill level 3 in Axes
    75 | D:3      | Reached XP level 2. HP: 25/26 MP: 1/1
    98 | D:3      | Reached skill level 4 in Axes
   104 | D:3      | Slain by a gnoll

Vault maps used:
D:1:      lemuel_arrival_behind_the_door_large
D:2:      grunt_gozag_statues, first_bread, grunt_decor_cap,
          gammafunk_pakellas_statue_experiment
D:3:      trog_hazing_becter, uniq_natasha, uniq_iyjb

Skill      XL: |  1  2 |
---------------+-------+-----
Axes           | 3 4 |  4.0
Fighting       | |  3.6
Armour         | |  3.6
Shields        | |  3.6

Action                   || total
-------------------------++-------
Melee: War axe           ||    27
       Headbutt          ||     5
Armor: Scale mail        ||    17
Dodge: Dodged            ||     8
Block: Shield            ||    19

Table legend:
 A = Turns spent in this place as a percentage of turns spent in the entire game.
 B = Non-inter-level travel turns spent in this place as a percentage of non-inter-level travel turns spent in the entire game.
 C = Inter-level travel turns spent in this place as a percentage of turns spent in this place.
 D = Turns resting spent in this place as a percentage of non-inter-level travel turns spent in this place.
 E = Turns spent auto-exploring this place as a percentage of non-inter-level travel turns spent in this place.
 F = Non-inter-level travel turns spent in this place divided by the number of levels of this place that you've seen.
                   A       B       C       D       E      F
               +-------+-------+-------+-------+-------+----------------------
         Total | 100.0 | 100.0 |   0.0 |   0.0 |   0.0 |  35.3
       Dungeon | 100.0 | 100.0 |   0.0 |   0.0 |   0.0 |  35.3
               +-------+-------+-------+-------+-------+----------------------

Table legend:
 A = Kills in this place as a percentage of kills in entire the game.
 B = Kills by you in this place as a percentage of kills by you in the entire game.
 C = Kills by friends in this place as a percentage of kills by friends in the entire game.
 D = Other kills in this place as a percentage of other kills in the entire game.
 E = Experience gained in this place as a percentage of experience gained in the entire game.
 F = Experience gained in this place divided by the number of levels of this place that you have seen.
                   A       B       C       D       E      F
               +-------+-------+-------+-------+-------+----------------------
         Total | 100.0 | 100.0 |  -nan |  -nan | 100.0 |  10.7
       Dungeon | 100.0 | 100.0 |  -nan |  -nan | 100.0 |  10.7
               +-------+-------+-------+-------+-------+----------------------
